 Dungeon Crawl Stone Soup version 0.31.0-11-ge490571c62 (webtiles) character file.

Game seed: 569163721290550428

3786 ezpacito the Cleaver (level 9, -8/69 HPs)
             Began as a Demonspawn Berserker on Feb 1, 2024.
             Was a Priest of Trog.
             Mangled by Erica
             ... wielding a +3 scimitar of flaming
              (10 damage)
             ... on level 8 of the Dungeon.
             The game lasted 00:12:18 (6712 turns).

ezpacito the Cleaver (Demonspawn Berserker)         Turns: 6712, Time: 00:12:20

Health: -8/69      AC: 19    Str: 20    XL:     9   Next: 95%
Magic:  9/9        EV:  4    Int: 13    God:    Trog [***...]
Gold:   534        SH:  0    Dex: 15    Spells: 8/8 levels left

rFire   . . .        a - +0 hand axe
rCold   . . .        (no shield)
rNeg    . . .        i - +1 plate armour {rPois}
rPois   +            (no helmet)
rElec   .            l - scarf {repulsion}
rCorr   .            (no gloves)
SInv    .            r - +2 pair of boots
Will    .....        (no amulet) Stlth
                     o - ring of poison resistance
HPRegen 0.31/turn    x - +6 ring of intelligence
MPRegen 0.22/turn

%: repel missiles
@: on berserk cooldown, slowed, constricted, very slow
A: molten scales 1, icemail 1, magic regeneration, condensation shield, demonic
touch 2
a: Renounce Religion, Berserk, Trog's Hand


You were on level 8 of the Dungeon.
You worshipped Trog.
Trog was most pleased with you.
You visited 2 branches of the dungeon, and saw 9 of its levels.

You collected 534 gold pieces.

Inventory:

Hand Weapons
 a - a +0 hand axe (weapon)
 b - a +0 falchion
 d - a +0 orcbow
 e - a +1 dagger of electrocution
 f - a +0 battleaxe
 u - a +2 whip of flaming
Missiles
 c - 26 stones (quivered)
 t - 6 poisoned darts
Armour
 i - a +1 plate armour of poison resistance (worn)
 l - a scarf of repulsion (worn)
 r - a +2 pair of boots (worn)
 v - an orb of light
Jewellery
 o - a ring of poison resistance (left hand)
 x - a +6 ring of intelligence (right hand)
Wands
 w - a wand of light (7)
Scrolls
 h - a scroll of teleportation
 m - a scroll of immolation
 p - a scroll of noise
 s - a scroll of brand weapon
Potions
 g - 2 potions of curing
 j - a potion of heal wounds
 k - a potion of might


   Skills:
 * Level 6.2 Fighting
 * Level 8.4 Axes
 * Level 6.1 Armour
 * Level 4.2 Dodging
 * Level 4.3 Stealth
 - Level 1.2 Shields
 * Level 3.6 Unarmed Combat


You had 8 spell levels left.
You didn't know any spells.
Your spell library contained the following spells:

 Spells                   Type           Power      Damage    Failure   Level
 Sandblast                Erth           0%         2d4       100%        1
 Shock                    Conj/Air       0%         1d3       100%        1
 Cigotuvi's Dreadful Rot  Necr/Alch/Air  0%         N/A       100%        2
 Passwall                 Erth           0%         N/A       100%        3
 Stone Arrow              Conj/Erth      0%         3d7       100%        3
 Swiftness                Air            0%         N/A       100%        3
 Airstrike                Air            0%         2d(0-16)  100%        4
 Brom's Barrelling Bould  Conj/Erth      0%         2d3       100%        4
 Ignite Poison            Fire/Alch      0%         N/A       100%        4
 Summon Blazeheart Golem  Fire/Summ      0%         N/A       100%        4
 Freezing Cloud           Conj/Ice/Air   0%         6-21      100%        5
 Orb of Destruction       Conj           0%         9d5       100%        7
 Spellforged Servitor     Conj/Summ      0%         N/A       100%        7


Dungeon Overview and Level Annotations

Branches:
Dungeon (8/15)             Temple (1/1) D:7
   Lair: D:8-11

Altars:
Ashenzari
Cheibriados
Dithmenos
Fedhas
Gozag
Hepliaklqana
Kikubaaqudgha
Makhleb
Nemelex Xobeh
Okawaru
Qazlal
Ru
Sif Muna
Trog
Uskayaw
Vehumet
Wu Jian
Xom
Yredelemnul

Shops:
D:1 :   D:2 (   D:5 ((

Annotations:
D:7 1 runed translucent door, Curundu's ghost, novice MiBe
D:8 Erica


Innate Abilities, Weirdness & Mutations

You are partially covered in molten scales. (AC +2)
A meltable icy envelope protects you from harm. (AC +0)
You regenerate magic rapidly.
A meltable shield of frost defends you. (SH +0)
Your touch may inflict irresistible damage on your foes.


Message History

You slash the howler monkey!
You kill the howler monkey!
Trog accepts your kill.
You closely miss something. You closely miss the wolf. The wolf bites you.
You slash the howler monkey!
You kill the howler monkey!
Trog accepts your kill.
You miss something. You closely miss the wolf. The wolf bites you.
Something hits you but does no damage. Something grabs you.
You are constricted.
You escape Erica's grasp.
The wolf bites you but does no damage.
You see here a howler monkey corpse.
You barely miss the wolf.
The wolf is severely wounded.
You slash something! The wolf bites you.
You hit the wolf.
You kill the wolf!
Trog accepts your kill.
You hit something. Something hits you but does no damage. Something grabs you.
You are constricted.
You escape Erica's grasp.
You feel a strong urge to attack something.
You are no longer berserk.
You are exhausted.
You feel yourself slow down. Something hits you.
Your icy defences dissipate!
Something burns you. Something grabs you.
You are constricted.
You closely miss something. Your touch misses something. Something hits you!
* * * LOW HITPOINT WARNING * * *
Something burns you.
* * * LOW HITPOINT WARNING * * *
You are constricted.
You miss something. Your touch misses something. Something hits you!
* * * LOW HITPOINT WARNING * * *
Something burns you.
* * * LOW HITPOINT WARNING * * *
You are constricted.
* * * LOW HITPOINT WARNING * * *
Something hits you!
You die...

...# ... ..
.#
########.#
#........#
#.....<..#
##....{†..#
......†@..#
##....)...#
.......(..#
##........#
####..##.#
#.. .# #..
.# (.. ..


There were no monsters in sight!

Vanquished Creatures
  Pikel (D:4)
  The ghost of Rassilon the Covert, a novice SpEn of Dithmenos (D:6)
  Sigmund (D:5)
  A wyvern (D:4)
  Grum (D:8)
  Menkaure (D:6)
  2 orc warriors (D:6)
  An ice beast (D:5)
  2 sky beasts
  4 wolves (D:8)
  2 ogres (D:5)
  3 centaurs
  A lemure (D:3)
  A phantom (D:6)
  A bullfrog (D:7)
  A water moccasin zombie (D:6)
  A wyvern zombie (D:6)
  5 scorpions
  2 howler monkeys (D:8)
  2 orc priests (D:4)
  3 bombardier beetles
  A hound (D:6)
  3 jellies
  2 gnoll boudas
  A sleepcap (D:6)
  2 orc wizards
  11 gnolls
  6 adders
  2 shadow imps (D:6)
  4 ufetubi (D:5)
  A dart slug (D:3)
  19 orcs
  5 endoplasms
  5 giant cockroaches (D:6)
  9 goblins
  6 hobgoblins
  5 jackals
  4 quokkas
  6 ball pythons
  10 bats
  4 frilled lizards
  4 kobolds
  4 rats
151 creatures vanquished.

Notes
Turn   | Place    | Note
-------+----------+-------------------------------------------
     0 | D:1      | ezpacito the Demonspawn Berserker began the quest for the
                  | Orb.
     0 | D:1      | Reached XP level 1. HP: 18/18 MP: 1/1
    73 | D:1      | Found Keluhuk's Book Emporium.
   220 | D:1      | Reached skill level 3 in Axes
   220 | D:1      | Gained mutation: Your touch may inflict minor irresistible
                  | damage on your foes. [demonic ancestry]
   220 | D:1      | Reached XP level 2. HP: 22/24 MP: 2/2
   684 | D:2      | Gained mutation: You regenerate magic rapidly. [demonic
                  | ancestry]
   684 | D:2      | Reached XP level 3. HP: 29/29 MP: 3/3
   727 | D:2      | Found Biteizemo's Antique Weapon Emporium.
   997 | D:2      | Reached ** piety under Trog
  1170 | D:3      | Found a faded altar of an unknown god.
  1432 | D:3      | Reached skill level 1 in Stealth
  1432 | D:3      | Gained mutation: A meltable shield of frost defends you.
                  | (SH +0) [demonic ancestry]
  1432 | D:3      | Reached XP level 4. HP: 32/35 MP: 4/4
  1811 | D:3      | Reached skill level 4 in Axes
  1856 | D:4      | Noticed a lemure
  1859 | D:4      | Gained mutation: A meltable icy envelope protects you from
                  | harm. (AC +0) [demonic ancestry]
  1859 | D:4      | Reached XP level 5. HP: 41/41 MP: 5/5
  1860 | D:4      | Noticed a lemure
  1873 | D:3      | Killed a lemure
  1915 | D:4      | Noticed Pikel
  1916 | D:4      | Noticed a lemure
  1924 | D:4      | Killed Pikel
  1925 | D:4      | Reached skill level 5 in Axes
  1925 | D:4      | Reached skill level 1 in Unarmed Combat
  1925 | D:4      | Gained mutation: Your touch may inflict irresistible damage
                  | on your foes. [demonic ancestry]
  1925 | D:4      | Reached XP level 6. HP: 34/48 MP: 6/6
  1925 | D:4      | Reached XP level 7. HP: 38/54 MP: 7/7
  2453 | D:4      | Reached *** piety under Trog
  2661 | D:4      | Found an ornate altar of the Wu Jian Council.
  2699 | D:4      | Found a shimmering blue altar of Sif Muna.
  2708 | D:4      | Found an opulent altar of Gozag.
  3147 | D:5      | Entered Level 5 of the Dungeon
  3183 | D:5      | Noticed a wyvern
  3204 | D:4      | Killed a wyvern
  3205 | D:4      | Reached skill level 6 in Axes
  3205 | D:4      | Gained mutation: You are partially covered in molten
                  | scales. (AC +2) [demonic ancestry]
  3205 | D:4      | Reached XP level 8. HP: 23/61 MP: 8/8
  3703 | D:5      | Reached skill level 5 in Fighting
  3788 | D:5      | Found Guqiaqye's Antique Weapon Boutique.
  3934 | D:5      | Noticed Sigmund
  3946 | D:5      | Killed Sigmund
  3947 | D:5      | Reached skill level 1 in Shields
  3947 | D:5      | Found Latett's Weapon Boutique.
  4447 | D:6      | Reached skill level 7 in Axes
  4455 | D:6      | Reached XP level 9. HP: 51/68 MP: 9/9
  4512 | D:6      | Reached skill level 5 in Armour
  4586 | D:6      | Noticed Menkaure
  4594 | D:6      | Killed Menkaure
  5352 | D:6      | Found a runed translucent gate.
  5352 | D:6      | Found a runed translucent gate.
  5352 | D:6      | Found a runed translucent gate.
  5352 | D:6      | Noticed Rassilon's ghost (novice SpEn)
  5354 | D:6      | Found a basalt altar of Yredelemnul.
  5524 | D:6      | Killed Rassilon's ghost
  6173 | D:7      | Reached skill level 8 in Axes
  6175 | D:7      | Found a staircase to the Ecumenical Temple.
  6190 | Temple   | Entered the Ecumenical Temple
  6347 | D:7      | Found a runed translucent door.
  6347 | D:7      | Found a shimmering altar of Xom.
  6347 | D:7      | Noticed Curundu's ghost (novice MiBe)
  6361 | D:7      | Noticed a +1 long sword of chaos
  6690 | D:8      | Noticed Grum
  6693 | D:8      | Noticed Erica
  6703 | D:8      | Killed Grum
  6712 | D:8      | HP: 2/69 [something (3)]
  6712 | D:8      | Mangled by Erica

Illustrated notes

Levels and vault maps discovered:
D:1:      tarquinn_simple_flora_water_e, layout_rooms, serial_shops, shop
D:2:      layout_rooms, serial_shops, shop, kennysheep_generic_room_16
D:3:      minmay_spotlight, layout_loops_ring,
          shapermc_ecumenical_altar_acropolis
D:4:      cheibrodos_pilgrimage, layout_basic, nicolae_wu_jian_glorious_leap,
          jmf_multi_god_temple2, uniq_pikel
D:5:      layout_loops_ring, serial_shops, shop, nicolae_diamond_shop,
          uniq_sigmund
D:6:      layout_layer_cave, nicolae_yredelemnul_ghost_church,
          gup_sewer_entry_pipe, uniq_menkaure
D:7:      layout_cave_pools, minmay_temple_entry_offerings, ebering_ghost_xom,
          kennysheep_generic_room_5
D:8:      layout_loops_ring, zin_scriptorium, enter_bailey_5, uniq_grum,
          uniq_erica
Temple:   minmay_crystal_spiral_temple

Skill      XL: |  1  2  3  4  5  6  7  8  9 |
---------------+----------------------------+-----
Axes           | 3 4 5 6 7 8 |  8.4
Armour         | 2 3 4 6 |  6.1
Dodging        | 2 3 4 |  4.2
Stealth        | 1 2 3 4 |  4.3
Fighting       | 4 5 6 |  6.2
Unarmed Combat | 1 2 3 |  3.6
Shields        | 1 |  1.2

Action                     |  1- 3 |  4- 6 |  7- 9 || total
---------------------------+-------+-------+-------++-------
  Melee: Hand axe          |   107 |    45 |   346 ||   498
         Touch             |    11 |     7 |    72 ||    90
         Punch             |     2 |       |     2 ||     4
 Invoke: Berserk           |       |     3 |    10 ||    13
    Use: Scroll            |       |       |     9 ||     9
         Potion            |       |       |     9 ||     9
 Armour: Animal skin       |    24 |       |       ||    24
         Chain mail        |    47 |    45 |   156 ||   248
         Plate armour      |       |       |   165 ||   165
         Skin              |       |       |    20 ||    20
  Dodge: Dodged            |    65 |    15 |   146 ||   226
  Block: Other             |       |    11 |    53 ||    64
